 Crawl Stoat Soup version 0.23-ish-327-87-g3a41155e8f (console) character file.

6961 damerell the Reanimator (level 10, 0/88 HPs)
             Began as a Deep Dwarf Necromancer on Mar 31, 2024.
             Was an Elder of Makhleb.
             Slain by a six-headed hydra (3 damage)
             ... on level 8 of the Dungeon.
             The game lasted 01:07:02 (12563 turns).

damerell the Reanimator (Deep Dwarf Necromancer)   Turns: 12563, Time: 01:07:02

Health: 0/88       AC:  9    Str: 13    XL:     10   Next: 81%
Magic:  18/18      EV: 16    Int: 20    God:    Makhleb [****..]
Gold:   73         SH:  2    Dex: 13    Spells: 13/21 levels left

rFire    . . .     SeeInvis +   (no weapon)
rCold    . . .     Gourm    .   (no shield)
rNeg     . . .     Faith    .   I - +3 leather armour {MR+}
rPois    .         Spirit   .   D - +1 hat
rElec    .         Warding  .   (no cloak)
rCorr    .         Reflect  +   i - +1 pair of gloves
MR       ++...     Harm     .   (no boots)
Stlth    ++........             q - +2 amulet of reflection
HPRegen  0.00/turn              L - ring of see invisible
MPRegen  0.16/turn              v - +2 ring of intelligence

@: non-regenerating
A: damage resistance, heal wounds, claws 1, repulsion field 1, sense
surroundings 2, no regeneration
a: Heal Wounds, Minor Destruction, Lesser Servant of Makhleb, Major Destruction,
Renounce Religion


You were on level 8 of the Dungeon.
You worshipped Makhleb.
Makhleb was greatly pleased with you.
You were not hungry.

You visited 1 branch of the dungeon, and saw 9 of its levels.

You collected 425 gold pieces.
You spent 352 gold pieces at shops.

Inventory:

Hand Weapons
 a - a +3 flail of draining
   (You took it off Edmund on level 6 of the Dungeon)
 b - a +4 whip of freezing
   (You took it off an orc on level 7 of the Dungeon)
Missiles
 g - 19 poisoned darts
 j - 199 stones
 x - 13 boomerangs (quivered)
 J - 8 steel boomerangs
 R - a throwing net
Armour
 i - a +1 pair of gloves (worn)
   (You found it on level 1 of the Dungeon)
 C - +0 steam dragon scales
   (You found it on level 8 of the Dungeon)
 D - a +1 hat (worn)
   (You found it on level 5 of the Dungeon)
 I - a +3 leather armour of magic resistance (worn)
   (You took it off Edmund on level 6 of the Dungeon)
Jewellery
 m - an uncursed ring of ice
   (You took it off an orc on level 4 of the Dungeon)
 q - a +2 amulet of reflection (around neck)
   (You found it on level 2 of the Dungeon)
 r - an uncursed ring of flight
   (You found it on level 3 of the Dungeon)
 v - a +2 ring of intelligence (right hand)
   (You found it on level 3 of the Dungeon)
 K - an uncursed ring of fire
   (You found it on level 6 of the Dungeon)
 L - a ring of see invisible (left hand)
   (You found it on level 6 of the Dungeon)
Wands
 u - 2 wands of flame (52 charges)
 w - a wand of polymorph (13 charges)
Scrolls
 f - 2 scrolls of fear
 k - 2 scrolls of magic mapping
 n - a scroll of fog
 o - a scroll of blinking {unknown}
 p - a scroll of immolation
 t - a scroll of enchant weapon {unknown}
 A - a scroll of random uselessness {unknown}
 M - a scroll of summoning {!r}
 N - 2 scrolls of remove curse
 Q - a scroll of holy word {!r}
Potions
 l - 9 potions of curing
 B - a potion of brilliance
 F - a potion of heal wounds
 G - 2 potions of cancellation
 H - a potion of haste
Comestibles
 c - 7 meat rations
 d - 8 bread rations
 e - 2 fruits


   Skills:
 - Level 5.4 Fighting
 + Level 6.6 Maces & Flails
 + Level 7.3 Dodging
 - Level 2.4 Stealth
 - Level 6.0 Spellcasting
 + Level 9.9 Necromancy
 + Level 8.2 Invocations


You had 13 spell levels left.
You knew the following spells:

 Your Spells              Type           Power        Failure   Level  Hunger
a - Necrotise             Necr           25/25        1%          1    None
b - Vampiric Draining     Necr           45/200       1%          3    ##.....
c - Animate Dead          Necr           N/A          2%          4    ####...

Your spell library contained the following spells:

 Spells                   Type           Power        Failure   Level  Hunger
 Regeneration             Chrm/Necr      Unusable     N/A         4    N/A

Dungeon Overview and Level Annotations

Branches:
Dungeon (9/15)             Temple (0/1) D:5            Lair (0/6) D:9
    Orc: D:9-12

Altars:
Cheibriados
Elyvilon
Gozag Ihp'ix
Kikubaaqudgha
Makhleb
Qazlal
Ru
Trog
Vehumet
Wu Jian
Xom
Yredelemnul
Zin

Shops:
D:9 ?


Innate Abilities, Weirdness & Mutations

You are resistant to damage.
You can heal yourself by infusing magical energy.
You passively map the area around you.
You do not regenerate.
You have sharp fingernails.
You are surrounded by a mild repulsion field. (EV +2)


Message History

The death yak gores you but does no damage.
You hit the death yak but do no damage.
The death yak is severely wounded.
The death yak gores you but does no damage.
You hit the death yak.
The death yak is severely wounded.
The death yak gores you.
The porcupine twitches its whiskers.
You smack the death yak!
The death yak is almost dead.
The death yak gores you.
You smack the death yak!
The death yak is almost dead.
You feel less wooden.
Your +1 hat unmelds from your body.
Your +1 pair of gloves unmelds from your body.
Your +3 leather armour of magic resistance unmelds from your body.
You feel resistant to hostile enchantments.
The death yak misses you.
The worker ant waves its antennae.
A bullfrog comes into view.
Found a potion of curing.
Casting: Vampiric Draining (safe; 1% risk of failure)
Confirm with . or Enter, or press ? or * to list all spells.
Aiming: Vampiric Draining (safe; 1% risk of failure)
Press: ? - help, Shift-Dir - straight line, f/p - death yak
Aim: a death yak (almost dead)
You kill the death yak!
Makhleb accepts your kill.
You feel better.
Your Spellcasting skill increases to level 6!
Your Invocations skill increases to level 8!
You feel life coursing into your body.
You are near starving!
You eat one of the 8 meat rations.
That meat ration really hit the spot!
The death yak gores you.
The worker ant waves its antennae.
There is an escape hatch in the ceiling here.
Really go through this one-way escape hatch?
A mysterious force pulls you upwards. The hatch slams shut behind you.
Unknown command.
Magic restored.
Done exploring; 3 up staircases, 3 down staircases.
A six-headed hydra comes into view.
The six-headed hydra roars!
Press: ? - help, Shift-Dir - straight line, f - you Really target yourself?
Okay, then.
Throwing (i - inventory) (/) - cycle)
x - 14 boomerangs (quivered)
Press: ? - help, Shift-Dir - straight line, f - six-headed hydra
Aim: a six-headed hydra You throw a boomerang.
The boomerang hits the six-headed hydra.
The six-headed hydra is lightly wounded.
The boomerang fails to return!
Press: ? - help, Shift-Dir - straight line, f/p - six-headed hydra
Aim: a six-headed hydra (lightly wounded)
The puff of flame hits the six-headed hydra.
The six-headed hydra is lightly wounded.
Press: ? - help, Shift-Dir - straight line, f/p - six-headed hydra
Aim: a six-headed hydra (lightly wounded)
The stone arrow hits the six-headed hydra.
The six-headed hydra is moderately wounded.
Press: ? - help, Shift-Dir - straight line, f/p - six-headed hydra
Aim: a six-headed hydra (moderately wounded)
The stone arrow hits the six-headed hydra.
The six-headed hydra is heavily wounded.
Press: ? - help, Shift-Dir - straight line, f/p - six-headed hydra
Aim: a six-headed hydra (heavily wounded)
The zap misses the six-headed hydra.
Press: ? - help, Shift-Dir - straight line, f/p - six-headed hydra
Aim: a six-headed hydra (heavily wounded)
The puff of flame hits the six-headed hydra.
The six-headed hydra is heavily wounded.
The six-headed hydra completely misses you.
The six-headed hydra bites you but does no damage.
The six-headed hydra bites you! x2; The six-headed hydra barely misses you.
The six-headed hydra bites you!
Press: ? - help, Shift-Dir - straight line, f/p - six-headed hydra
Aim: a six-headed hydra (heavily wounded)
The glob of acid hits the six-headed hydra.
The six-headed hydra is splashed with acid.
The acid corrodes the six-headed hydra!
The six-headed hydra is severely wounded.
The six-headed hydra is splashed with acid.
The acid corrodes the six-headed hydra!
The six-headed hydra bites you. The six-headed hydra barely misses you.
The six-headed hydra bites you. The six-headed hydra barely misses you.
The six-headed hydra bites you but does no damage.
The six-headed hydra bites you!
Press: ? - help, Shift-Dir - straight line, f/p - six-headed hydra
Aim: a six-headed hydra (severely wounded, covered in acid)
The six-headed hydra easily resists.
A killer bee comes into view.
The six-headed hydra bites you!
* * * LOW HITPOINT WARNING * * *
The six-headed hydra bites you!
* * * LOW HITPOINT WARNING * * *
The six-headed hydra barely misses you. The six-headed hydra bites you.
You die...

..#....#Z................##..##
..##.#.>..(....D@........###..#
..##.##.....###.....###...#..####
..[#.........##..................
..............####...............
...#...........................#.
...###..........####)..........#.
....###............#.[...........
.<..###..........................
...............###...............
........#.......#..#.............
........#..........##...........#
........##.........#...........##
.........#.....#.###.#.........#
...............#..#..##........#
...............##.............###
................[.....##........#


You could see a six-headed hydra and a killer bee (wandering).

Vanquished Creatures
  Harold (D:7)
  A death yak (D:9)
  Pikel (D:8)
  A troll (D:9)
  Grinder (D:3)
  Prince Ribbit (D:5)
  A steam dragon (D:8)
  Grum (D:8)
  Edmund (D:6)
  A water moccasin (D:6)
  A sky beast (D:6)
  2 orc warriors
  An ice beast (D:4)
  A slave (D:8)
  2 ogres
  3 wolves (D:8)
  A necrophage (D:8)
  3 centaurs
  2 phantoms
  4 bullfrogs
  A scorpion (D:4)
  A wyvern skeleton (D:6)
  7 killer bees (D:9)
  4 wights (D:6)
  3 electric eels (D:3)
  2 howler monkeys (D:4)
  A hound (D:6)
  A bullfrog skeleton (D:7)
  2 centaur zombies (D:9)
  A bullfrog zombie (D:5)
  A jelly (D:7)
  9 orc priests
  A gnoll shaman (D:8)
  3 iguanas
  Ijyb (D:4)
  11 orc wizards
  8 worker ants
  A killer bee zombie (D:5)
  2 hound zombies (D:5)
  9 gnolls
  13 adders
  A shadow imp (D:7)
  2 white imps
  3 oozes
  2 adder skeletons (D:7)
  A worm (D:4)
  A dart slug (D:1)
  5 leopard geckos
  51 orcs
  7 giant cockroaches
  4 goblins
  8 hobgoblins
  4 jackals
  8 weasels
  A ball python (D:7)
  2 bats
  6 frilled lizards
  7 kobolds
  2 leopard gecko zombies
  7 rats
  A weasel zombie (D:5)
235 creatures vanquished.

Vanquished Creatures (collateral kills)
  A wight (D:6)
  A centaur zombie (D:5)
  A hound (D:7)
  A centaur skeleton (D:8)
  2 killer bee zombies (D:7)
  A hound skeleton (D:4)
  A gnoll (D:8)
  An adder (D:5)
  A worm (D:5)
  2 orcs
  A weasel (D:4)
13 creatures vanquished.

Vanquished Creatures (others)
  A slave (D:8)
1 creature vanquished.

Grand Total: 249 creatures vanquished

Notes
Turn   | Place    | Note
-------+----------+-------------------------------------------
     0 | D:1      | damerell the Deep Dwarf Necromancer began the quest for the
                  | Orb.
     0 | D:1      | Reached XP level 1. HP: 15/15 MP: 3/3
   372 | D:1      | Reached skill level 1 in Fighting
   372 | D:1      | Reached XP level 2. HP: 25/25 MP: 0/4
  1301 | D:2      | Reached skill level 5 in Necromancy
  1301 | D:2      | Reached XP level 3. HP: 32/32 MP: 2/5
  1306 | D:2      | Learned a level 3 spell: Vampiric Draining
  2282 | D:2      | Reached XP level 4. HP: 34/39 MP: 3/7
  2340 | D:2      | Found a burning altar of Makhleb.
  2340 | D:2      | Found a glowing silver altar of Zin.
  2341 | D:2      | Noticed an angel
  2341 | D:2      | Noticed a cacodemon
  2344 | D:2      | Became a worshipper of Makhleb the Destroyer
  2516 | D:3      | Found a transporter.
  2583 | D:3      | Found a transporter.
  2655 | D:3      | Found a three-legged altar of Ihp'ix.
  2673 | D:3      | Found a bloodstained altar of Trog.
  2682 | D:3      | Noticed Grinder
  2744 | D:3      | Reached XP level 5. HP: 35/46 MP: 8/8
  2750 | D:3      | HP: 4/46 [electric eel/bolt of electricity (12)]
  2911 | D:4      | Noticed Ijyb
  3285 | D:4      | Noticed a phantom
  3312 | D:4      | HP: 14/46 [phantom (7)]
  3335 | D:4      | HP: 15/46 [phantom (5)]
  3336 | D:4      | HP: 7/46 [phantom (8)]
  3339 | D:4      | Gained mutation: You have sharp fingernails. [potion of
                  | mutation]
  3339 | D:4      | Gained mutation: You are surrounded by a mild repulsion
                  | field. (EV +2) [potion of mutation]
  3363 | D:4      | HP: 8/48 [phantom (8)]
  3373 | D:4      | Killed a phantom
  3373 | D:4      | Reached XP level 6. HP: 17/56 MP: 2/10
  3539 | D:4      | Reached skill level 6 in Necromancy
  3545 | D:4      | Learned a level 4 spell: Animate Dead
  3709 | D:4      | Reached * piety under Makhleb
  3933 | D:4      | Found an ornate altar of the Wu Jian Council.
  4030 | D:4      | HP: 17/56 [orc wizard/magic dart (3)]
  4031 | D:4      | Reached XP level 7. HP: 18/62 MP: 4/11
  4201 | D:4      | HP: 19/62 [orc wizard/magic dart (5)]
  4379 | D:4      | HP: 14/62 [Ijyb/wand of acid (13 charges) (11)]
  4379 | D:4      | HP: 3/62 [acid (11)]
  4395 | D:4      | Killed Ijyb
  5092 | D:4      | Reached skill level 1 in Maces & Flails
  5268 | D:3      | Paralysed by Grinder for 4 turns
  5279 | D:3      | Killed Grinder
  5279 | D:3      | Reached ** piety under Makhleb
  5279 | D:3      | Reached skill level 5 in Dodging
  5279 | D:3      | Reached XP level 8. HP: 61/72 MP: 4/13
  5489 | D:3      | Reached skill level 7 in Necromancy
  5857 | D:3      | Found a shimmering altar of Xom.
  6238 | D:5      | Entered Level 5 of the Dungeon
  6241 | D:5      | Reached skill level 1 in Invocations
  6526 | D:5      | Found a radiant altar of Vehumet.
  6535 | D:5      | Found a stormy altar of Qazlal.
  6538 | D:5      | Found an opulent altar of Gozag.
  6544 | D:5      | Found a basalt altar of Yredelemnul.
  6544 | D:5      | Found an ancient bone altar of Kikubaaqudgha.
  6545 | D:5      | Found a snail-covered altar of Cheibriados.
  7028 | D:5      | Noticed Prince Ribbit
  7036 | D:5      | Killed Prince Ribbit
  7164 | D:5      | Found a staircase to the Ecumenical Temple.
  7435 | D:4      | Found a sacrificial altar of Ru.
  7487 | D:6      | Noticed Edmund
  7504 | D:6      | Killed Edmund
  7504 | D:6      | Reached *** piety under Makhleb
  7658 | D:6      | HP: 21/72 [centaur/arrow (8)]
  7659 | D:6      | HP: 8/72 [centaur/arrow (13)]
  7664 | D:6      | Reached skill level 8 in Necromancy
  7664 | D:6      | Gained mutation: You passively map the area around you.
                  | [Deep Dwarf growth]
  7664 | D:6      | Reached XP level 9. HP: 55/78 MP: 4/14
  8359 | D:6      | Reached skill level 5 in Invocations
  9103 | D:6      | Found a white marble altar of Elyvilon.
  9276 | D:7      | Reached skill level 5 in Fighting
  9715 | D:7      | Noticed Harold
  9740 | D:7      | Killed Harold
  9740 | D:7      | Reached skill level 5 in Maces & Flails
  9740 | D:7      | Reached skill level 5 in Spellcasting
  9740 | D:7      | Reached skill level 9 in Necromancy
  9763 | D:6      | Reached **** piety under Makhleb
 10029 | D:7      | Reached XP level 10. HP: 74/88 MP: 11/16
 10597 | D:7      | Found a burning altar of Makhleb.
 10597 | D:7      | Noticed a cacodemon
 11177 | D:8      | Noticed Pikel
 11216 | D:8      | Killed Pikel
 11259 | D:8      | Noticed Grum
 11274 | D:8      | HP: 28/88 [wolf[Grum] (4)]
 11279 | D:8      | HP: 26/88 [wolf[Grum] (2)]
 11287 | D:8      | Killed Grum
 11290 | D:8      | HP: 29/88 [wolf[Grum] (3)]
 11300 | D:8      | HP: 25/87 [necrophage (2)]
 11908 | D:8      | Found a sacrificial altar of Ru.
 12099 | D:9      | Found Kyga's Magic Scroll Emporium.
 12106 | D:9      | Bought a scroll of remove curse for 48 gold pieces
 12106 | D:9      | Bought a scroll of fear for 56 gold pieces
 12106 | D:9      | Bought a scroll of identify for 32 gold pieces
 12106 | D:9      | Bought a scroll of remove curse for 48 gold pieces
 12106 | D:9      | Bought a scroll of remove curse for 48 gold pieces
 12106 | D:9      | Bought a scroll of holy word for 120 gold pieces
 12291 | D:9      | Noticed a death yak
 12309 | D:9      | HP: 24/88 [death yak (22)]
 12315 | D:9      | Noticed a death yak
 12315 | D:9      | Noticed a death yak
 12344 | D:9      | Found a staircase to the Lair.
 12352 | D:9      | HP: 25/88 [killer bee (5)]
 12358 | D:9      | HP: 19/88 [death yak (1)]
 12370 | D:9      | HP: 16/88 [killer bee (3)]
 12377 | D:9      | HP: 35/132 [killer bee (1)]
 12385 | D:9      | HP: 33/132 [killer bee (2)]
 12390 | D:9      | HP: 37/132 [killer bee (1)]
 12438 | D:9      | Killed a death yak
 12554 | D:8      | Noticed a six-headed hydra
 12562 | D:8      | HP: 23/88 [six-headed hydra (8)]
 12563 | D:8      | HP: 3/88 [six-headed hydra (12)]
 12563 | D:8      | Slain by a six-headed hydra

Vault maps used:
D:1:      roderic_dead_forest
D:2:      grunt_temple_overflow_order_and_chaos_2, first_bread
D:3:      gammafunk_steamed_eel, xom_teletrap_fun, bloody_trog,
          lemuel_doored_altar, uniq_grinder
D:4:      minmay_recursive_quarters, kennysheep_mini,
          nicolae_overflow_hidden_temple, wad_orctagon, uniq_ijyb
D:5:      minitemple, kennysheep_mini_moat, minmay_temple_entry_poolview,
          serial_column_ruins, column_ruins_square_huge,
          column_ruins_circle_medium, column_ruins_grid_1, column_ruins_grid_3,
          column_ruins_columns_straight, column_ruins_grid_1,
          column_ruins_grid_1, guppyfry_early_lair_pool, uniq_prince_ribbit1
D:6:      minmay_general_purpose_star, overflow_temple_1_default, uniq_edmund
D:7:      grunt_ogre_cave, makhleb_altar_promises_db, uniq_harold
D:8:      chequers_mini_garden, nicolae_ru_path_of_blood, uniq_pikel, uniq_grum
D:9:      dragon1_lemuel, dpeg_lair_monsters, serial_shops, shop_scrolls

Skill      XL: |  1  2  3  4  5  6  7  8  9 10 |
---------------+-------------------------------+-----
Fighting       | 1 2 3 4 5 |  5.4
Necromancy     | 5 6 8 9 |  9.9
Spellcasting   | 2 3 4 5 6 |  6.0
Dodging        | 3 4 5 6 7 |  7.3
Maces & Flails | 1 3 5 6 |  6.6
Invocations    | 4 6 8 |  8.2
Stealth        | |  2.4

Action                   |  1- 3 |  4- 6 |  7- 9 | 10-12 || total
-------------------------+-------+-------+-------+-------++-------
Melee: Short sword       |     1 |       |       |       ||     1
       Dagger            |    15 |    70 |    11 |       ||    96
       Whip              |       |       |    83 |    41 ||   124
       Unarmed           |       |       |       |    44 ||    44
Throw: Stone             |    12 |    27 |    39 |    15 ||    93
       Boomerang         |       |       |       |     7 ||     7
 Cast: Necrotise         |    65 |    54 |   120 |    32 ||   271
       Vampiric Draining |       |    17 |    84 |    38 ||   139
       Animate Dead      |       |       |    17 |     8 ||    25
Invok: Minor Destruction |       |       |   106 |    77 ||   183
 Abil: Heal Wounds       |       |     4 |     3 |     1 ||     8
Evoke: Wand              |       |     4 |     4 |     6 ||    14
  Use: Potion            |       |     4 |       |     2 ||     6
       Scroll            |       |     1 |    10 |     7 ||    18
 Stab: Distracted        |       |       |     2 |       ||     2
  Eat: Chunk             |     4 |     4 |    23 |     9 ||    40
       Meat ration       |     1 |       |       |     1 ||     2
       Bread ration      |       |       |     1 |       ||     1
       Fruit             |       |       |     1 |       ||     1
Armor: Robe              |     2 |     2 |    25 |     9 ||    38
       Skin              |       |       |       |    44 ||    44
       Leather armour    |       |       |       |    11 ||    11
Dodge: Dodged            |    15 |    43 |   143 |   108 ||   309
Block: Other             |       |     5 |    11 |    21 ||    37
       Reflection        |       |       |       |     2 ||     2

Table legend:
 A = Spawn XP
 B = Non-spawn XP
 C = Spawn XP percentage of total XP
 D = Spawn monster count
 E = Non-spawn monster count
 F = Spawn count percentage of total count
 G = Total turns spent on level
                    A         B        C        D         E        F      G
               +---------+---------+-------+---------+---------+-------+---------
         Total |    1134 |    8811 |  11.4 |      44 |     203 |  17.8 | 12563
               +---------+---------+-------+---------+---------+-------+---------
           D:1 |       6 |      30 |  16.7 |       4 |      15 |  21.1 |  1249
           D:2 |       6 |      59 |   9.2 |       3 |      13 |  18.8 |  1249
           D:3 |       8 |     543 |   1.5 |       4 |      19 |  17.4 |  1459
           D:4 |     249 |     652 |  27.6 |       7 |      40 |  14.9 |  2302
           D:5 |      59 |     864 |   6.4 |       4 |      28 |  12.5 |  1226
           D:6 |     444 |    1212 |  26.8 |       8 |      30 |  21.1 |  2002
           D:7 |     362 |    1587 |  18.6 |      14 |      27 |  34.1 |  1734
           D:8 |       0 |    1766 |   0.0 |       0 |      18 |   0.0 |   935
           D:9 |       0 |    2098 |   0.0 |       0 |      13 |   0.0 |   407
               +---------+---------+-------+---------+---------+-------+---------
